 Dungeon Crawl Stone Soup version 0.15.0-23-gc2b521c (console) character file.

148 gw the Twirler (level 5, -9/45 HPs)
             Began as a Minotaur Gladiator on Sept 8, 2014.
             Killed by divine providence
             ... invoked by an orc priest
              (12 damage)
             ... on Level 4 of the Dungeon.
             The game lasted 00:01:24 (3242 turns).

gw the Twirler (Minotaur Gladiator)                 Turns: 3242, Time: 00:01:24

HP  -9/45        AC  6     Str 19      XL: 5   Next:  8%
MP   2/2         EV 10     Int  5      God:
Gold 0           SH  0     Dex 12      Spells:  0 memorised,  4 levels left

rFire  . . .     SeeInvis .     a - +0 quarterstaff
rCold  . . .     Clarity  .     m - +0 ring mail
rNeg   . . .     rCorr    .     (no shield)
rPois  .         rRot     .     c - +0 hat
rElec  .         Spirit   .     n - +0 cloak (curse)
SustAb .         Warding  .     (no gloves)
rMut   .         Stasis   .     (no boots)
Gourm  .                        (no amulet)
MR     +....                    (no ring)
                                g - ring of protection from magic

@: lethally poisoned, very slightly contaminated, hasted, very quick, somewhat
resistant to hostile enchantments, very unstealthy
A: retaliatory headbutt, horns 2
a: no special abilities


You were on level 4 of the Dungeon.
You were hungry.

You visited 1 branch of the dungeon, and saw 4 of its levels.

Inventory:

Hand weapons
 a - a +0 quarterstaff (weapon)
Missiles
 d - 3 throwing nets
 j - 7 tomahawks
 l - 20 stones (quivered)
Armour
 c - a +0 hat (worn)
 m - a +0 ring mail (worn)
 n - a cursed +0 cloak (worn)
Comestibles
 f - a bread ration
 k - 2 beef jerkies
Scrolls
 i - 2 scrolls of identify
Jewellery
 g - a ring of protection from magic (left hand)
Potions
 b - a potion of curing
 e - a potion of lignification
 h - a potion of haste


   Skills:
 + Level 3.3 Fighting
 * Level 5.1 Staves
 + Level 3.0 Throwing
 + Level 2.6 Armour
 - Level 3.2 Dodging


You had 4 spell levels left.
You didn't know any spells.

Dungeon Overview and Level Annotations

Branches:
Dungeon (4/15)
 Temple: D:4-7

Altars:


Innate Abilities, Weirdness & Mutations

You reflexively headbutt those who attack you in melee.
You have a pair of horns on your head.


Message History

The orc priest closely misses you. The orc hits you with a dagger.
You are very lightly contaminated with residual magic.
ATTACK MOVE TO (-1,1)
You barely miss the orc priest.
The orc priest is moderately wounded.
ATTACK MOVE TO (-1,1)
You completely miss the orc priest.
The orc priest is moderately wounded.
The worker ant bites you.
You are poisoned.
The worker ant poisons you! The orc hits you but does no damage.
The orc hits you with a dagger. The orc priest hits you with a whip.
ATTACK MOVE TO (-1,1)
You closely miss the orc priest.
The orc priest is moderately wounded.
You feel sick. The worker ant barely misses you. The orc hits you.
The goblin closely misses you. The orc hits you but does no damage.
The orc priest calls down the wrath of Beogh upon you.
Something smites you!
You die...

.... .........
#.........
.!........
#..........
##..........
...........
##og........
#)Ha........
#oo.........
#........!..
...#.........
...####../....#
### ##...##.
##.. ..


You could see a worker ant, an orc priest, 2 orcs and a goblin.

Table legend:
 A = Turns spent in this place as a percentage of turns spent in the entire game.
 B = Non-inter-level travel turns spent in this place as a percentage of non-inter-level travel turns spent in the entire game.
 C = Inter-level travel turns spent in this place as a percentage of turns spent in this place.
 D = Turns resting spent in this place as a percentage of non-inter-level travel turns spent in this place.
 E = Turns spent auto-exploring this place as a percentage of non-inter-level travel turns spent in this place.
 F = Non-inter-level travel turns spent in this place divided by the number of levels of this place that you've seen.
                   A       B       C       D       E      F
               +-------+-------+-------+-------+-------+----------------------
         Total | 100.0 | 100.0 |   1.2 |   3.8 |  17.4 | 199.5
       Dungeon | 100.0 | 100.0 |   1.2 |   3.8 |  17.4 | 199.5
               +-------+-------+-------+-------+-------+----------------------

Table legend:
 A = Kills in this place as a percentage of kills in entire the game.
 B = Kills by you in this place as a percentage of kills by you in the entire game.
 C = Kills by friends in this place as a percentage of kills by friends in the entire game.
 D = Other kills in this place as a percentage of other kills in the entire game.
 E = Experience gained in this place as a percentage of experience gained in the entire game.
 F = Experience gained in this place divided by the number of levels of this place that you have seen.
                   A       B       C       D       E      F
               +-------+-------+-------+-------+-------+----------------------
         Total | 100.0 | 100.0 |  -nan |  -nan | 100.0 |  53.0
       Dungeon | 100.0 | 100.0 |  -nan |  -nan | 100.0 |  53.0
               +-------+-------+-------+-------+-------+----------------------

Vanquished Creatures
  2 green rats (D:3)
  4 adders
  3 giant mites
  5 giant geckos
  An ooze (D:3)
  An orc (D:4)
  6 bats
  3 giant cockroaches
  6 hobgoblins
  3 jackals (D:1)
  7 kobolds
  A quokka (D:2)
  2 ball pythons
  5 giant newts
  3 goblins
  14 rats
66 creatures vanquished.

Notes
Turn   | Place    | Note
--------------------------------------------------------------
     0 | D:1      | gw, the Minotaur Gladiator, began the quest for the Orb.
     0 | D:1      | Reached XP level 1. HP: 18/18 MP: 1/1
   209 | D:1      | Reached skill level 1 in Armour
   248 | D:1      | Reached XP level 2. HP: 25/25 MP: 1/1
   309 | D:1      | Reached skill level 4 in Staves
  1004 | D:2      | Reached XP level 3. HP: 30/30 MP: 2/2
  1715 | D:2      | Reached XP level 4. HP: 37/37 MP: 2/2
  2763 | D:3      | Reached skill level 5 in Staves
  2918 | D:3      | Reached XP level 5. HP: 45/45 MP: 2/2
  3242 | D:4      | Killed from afar by an orc priest

Action                   |  1- 3 |  4- 6 || total
-------------------------+-------+-------++-------
Melee: Quarterstaff      |    69 |    43 ||   112
Throw: Stone             |    41 |    56 ||    97
  Use: Scroll            |     5 |     4 ||     9
       Potion            |     1 |     5 ||     6
  Eat: Chunk             |     3 |     4 ||     7

Vault maps used:
D:1:      tarquinn_simple_flora_water_e
D:2:      grunt_ministairs_1, minmay_misc_feat_rows
D:3:      portal_sewer_entry_e, st_stairs_13
D:4:      first_bread, uniq_sigmund
